Cogmind - Beta 13 @@@ ROGUE MODE // 2024.04.24 @ 20:09:15 Player: Aaron Result: Destroyed by G-34 Mercenary with Small Laser Performance ------------- Evolutions (0) 0 Regions Visited (1) 200 Robots Destroyed (23) 115 Value Destroyed (351) 351 Prototype IDs (2) 40 Alien Tech Used (0) 0 Bonus (0) 0 TOTAL SCORE: 706 Bonus ------- None Cogmind --------- Core Integrity 0/250 Matter 300/300 Energy 160/160 System Corruption 0% Temperature Warning (344) Movement Walking (120) Location -10/Materials Parts ------- > --- POWER (1) -------- Light Nuclear Core > --- PROPULSION (2) --- Aluminum Leg Aluminum Leg > --- UTILITY (2) ------ ECM Suite Hardened Light Armor Plating > --- WEAPON (2) ------- Beam Rifle Beam Rifle > --- INVENTORY (5) ---- Ion Engine Light Ion Engine Aluminum Leg Peak State ------------ > --- POWER ------------ Light Nuclear Core > --- PROPULSION ------- Aluminum Leg Compact Wheel > --- UTILITY ---------- Hardened Light Armor Plating Hardened Light Armor Plating > --- WEAPON ----------- Beam Rifle Beam Rifle > --- INVENTORY -------- Ion Engine Light Ion Engine ECM Suite Mining Laser [Rating: 13] Favorites ----------- Power Ion Engine Engine Ion Engine Power Core Light Nuclear Core Propulsion Wheel Leg Aluminum Leg Wheel Wheel Utility ECM Suite Device ECM Suite Protection Hardened Light Armor Plating Weapon Beam Rifle Energy Gun Beam Rifle Launcher Grenade Launcher Special Weapon Mining Laser Build | -11 -10 ------- Run | Yrd Mat Slots Evolved . | . . Power . | . . Propulsion . | . . Utility . | . . Weapon . | . . Parts Attached 25 | 7 18 Power 2 | 1 1 Engine 1 | 1 . Core 1 | . 1 Reactor . | . . Propulsion 8 | 2 6 Treads . | . . Leg 2 | . 2 Wheel 6 | 2 4 Hover . | . . Flight . | . . Utility 5 | 1 4 Device 3 | 1 2 Storage . | . . Processor . | . . Hackware . | . . Protection 2 | . 2 Artifact . | . . Weapon 10 | 3 7 Energy Gun 7 | 2 5 Energy Cannon . | . . Ballistic Gun . | . . Ballistic Cannon . | . . Launcher 2 | . 2 Special Weapon 1 | 1 . Impact Weapon . | . . Slashing Weapon . | . . Piercing Weapon . | . . Special Melee Weapon . | . . Unidentified Prototypes . | . . Parts Lost 9 | . 9 Power 1 | . 1 Propulsion 4 | . 4 Utility 1 | . 1 Weapon 3 | . 3 Highest Loss Streak 9 | . 9 To Critical Strikes . | . . Average Slot Usage (%) 92 | . 92 Engine 7 | . 7 Core 6 | . 6 Leg 6 | . 6 Wheel 17 | . 17 Device 18 | . 18 Protection 8 | . 8 Energy Gun 14 | . 14 Launcher 6 | . 6 Special Weapon 6 | . 6 Naked Turns . | . . Heaviest Build 21 | 9 21 Greatest Support 26 | 26 26 Greatest Overweight (x) 3 | . 3 Average Overweight (x) . | . . Largest Inventory Capacity 5 | 5 5 Average Capacity 5 | 5 5 Most Carried 5 | 3 5 Average Carried 3 | 1 3 Final Capacity 5 | 5 5 Final Carried 3 | 3 3 Class Distribution -------------------- 100% | Mutant Dominant Class ---------------- Mutant | -10/Materials Resources | -11 -10 ----------- Run | Yrd Mat Matter Collected 425 | 270 155 Remotely . | . . Salvage Created 714 | 179 535 Parts 45 | 16 29 Haulers Intercepted 1 | . 1 Recyclers Shooed 1 | . 1 Parts Field Recycled . | . . Retrieved Matter . | . . Parts Self-Destructed . | . . Prevented . | . . Kills | -11 -10 ------- Run | Yrd Mat Combat Hostiles Destroyed 6 | . 6 Guns 3 | . 3 AOE 3 | . 3 Classes Destroyed 7 | 2 5 Worker 2 | . 2 Builder 2 | . 2 Tunneler 5 | 5 . Hauler 1 | . 1 Recycler 5 | 1 4 Watcher 2 | . 2 Grunt 6 | . 6 Best Kill Streak 6 | 5 6 Combat Bots Only 3 | . 3 Max Kills in Single Turn 4 | 1 4 Gunslinging . | . . Exploded 2 | . 2 Melee . | . . Uniques/NPCs Destroyed . | . . Combat | -11 -10 -------- Run | Yrd Mat Hostile Shots Fired 62 | . 62 Missed 13 | . 13 Damage Taken 765 | . 765 Core 258 | . 258 Absorbed by Shields . | . . Core Remaining (%) 100 | 100 . Volleys Fired 58 | 17 41 Largest 2 | 2 2 Hottest 112 | 90 112 Shots Fired 97 | 34 63 Gun 78 | 34 44 Cannon . | . . Launcher 2 | . 2 Special 17 | . 17 Kinetic . | . . Thermal 68 | 17 51 Explosive 2 | . 2 Electromagnetic 27 | 17 10 Robot Hit Streak 12 | 5 12 Robot Miss Streak 5 | 5 3 Penetration Max . | . . Secondary Targets . | . . Shots Hit Robots 51 | 17 34 Core Hits 36 | 7 29 Critical Kills . | . . Critical Parts Destroyed . | . . Critical Strikes 6 | 3 3 Burn 5 | 2 3 Corrupt 1 | 1 . Melee Attacks . | . . Impact . | . . Slashing . | . . Piercing . | . . Sneak Attacks . | . . Combat Hostiles . | . . Follow-up Attacks . | . . Damage Inflicted 1693 | 232 1461 Guns 626 | 232 394 Cannons . | . . Explosions 923 | . 923 Melee . | . . Ramming . | . . Kinetic . | . . Thermal 1170 | 100 1070 Explosive 316 | . 316 Electromagnetic 207 | 132 75 Impact . | . . Slashing . | . . Piercing . | . . Highest Corruption . | . . Average Corruption . | . . Corruption Purged . | . . Corruption Blocked . | . . Overload Shots . | . . Overflow Damage 255 | . 255 Projectiles . | . . Explosions 255 | . 255 Melee . | . . Knockbacks . | . . Impact . | . . Kinetic . | . . Secondary . | . . Self-Inflicted Damage 206 | . 206 Shots 4 | . 4 Rammed . | . . Targets Rammed . | . . Kicked . | . . Crushed . | . . Highest Temperature 351 | 310 351 Average Temperature 112 | 143 104 Received Heat Transfer 318 | . 318 Effects 3 | . 3 Energy Bleed 2 | . 2 Short Circuit 1 | . 1 Siege Activations . | . . Robots Corrupted . | . . Combat Hostiles . | . . Parts Fried 1 | 1 . Impact Corruptions . | . . Robots Melted . | . . Combat Hostiles . | . . Parts Melted 1 | . 1 Heat Transferred 2180 | 444 1736 Parts Sabotaged . | . . Parts Stolen . | . . Parts Stripped . | . . Power Chain Reactions 1 | . 1 Alert | -11 -10 ------- Run | Yrd Mat Peak Influence 128 | 30 128 Initial 19 | . 19 Average 48 | 15 54 Maximum Alert Level . | . . Low Security (%) 100 | 100 100 Level 1 . | . . Level 2 . | . . Level 3 . | . . Level 4 . | . . Level 5 . | . . High Security . | . . Max Security . | . . Squads Dispatched 2 | . 2 Investigation 2 | . 2 Extermination . | . . Reinforcement . | . . Assault . | . . Garrison . | . . Intercept . | . . Searches Triggered . | . . Construction Impeded . | . . Haulers Reinforced . | . . Active Scanning Responses . | . . Cargo Convoy Interrupts . | . . Stealth | -11 -10 --------- Run | Yrd Mat Distress Signals 2 | . 2 Communications Jammed . | . . Distress Signals . | . . Times Spotted 15 | . 15 Peak Tracking Total 6 | . 6 Tactical Retreats 3 | . 3 Traps | -11 -10 ------- Run | Yrd Mat Traps Triggered 1 | . 1 Indirectly . | . . Trap Hack Attempts . | . . Triggered . | . . Disarmed . | . . Reprogrammed . | . . Reused . | . . Traps Extracted . | . . Installed . | . . Triggered . | . . Machines | -11 -10 ---------- Run | Yrd Mat Machines Disabled 1 | . 1 Max in Single Turn 1 | . 1 Machines Repaired . | . . Machines Dismantled . | . . Machines Sabotaged . | . . Overloaded Fab Kills . | . . Hacking | -11 -10 --------- Run | Yrd Mat Machines Accessed 4 | . 4 Terminals 4 | . 4 Fabricators . | . . Repair Stations . | . . Recycling Units . | . . Scanalyzers . | . . Garrison Access . | . . Total Hacks 17 | . 17 Successful 8 | . 8 Failed 9 | . 9 Catastrophic . | . . Database Lockouts . | . . Manual 13 | . 13 Terminals 17 | . 17 Fabricators . | . . Repair Stations . | . . Recycling Units . | . . Scanalyzers . | . . Garrison Access . | . . Terminal Hacks 4 | . 4 Prototype ID Bank 1 | . 1 Terminal Index 1 | . 1 Unreport Threat 1 | . 1 Zone Layout 1 | . 1 Fabricator Hacks . | . . Repair Station Hacks . | . . Recycling Unit Hacks . | . . Scanalyzer . | . . Garrison Access Hacks . | . . Unauthorized Hacks 4 | . 4 Terminals 4 | . 4 Botnet 4 | . 4 Fabricators . | . . Repair Stations . | . . Recycling Units . | . . Scanalyzers . | . . Garrison Access . | . . Data Cores Recovered . | . . Used . | . . Hacking Detections 4 | . 4 Full Trace Events 4 | . 4 Feedback Events . | . . Feedback Blocked . | . . Robot Schematics Acquired . | . . Robots Built . | . . Authchips . | . . Time . | . . Total Robot Build Rating . | . . Part Schematics Acquired . | . . Parts Built . | . . Authchips . | . . Time . | . . Total Part Build Rating . | . . Parts Repaired . | . . Time . | . . Parts Recycled . | . . Recycled Matter . | . . Retrieved Matter . | . . Retrieved Components . | . . Parts Scanalyzed . | . . Part Schematics Acquired . | . . Parts Damaged . | . . Bothacking | -11 -10 ------------ Run | Yrd Mat Used RIF Installer . | . . Robots Hacked . | . . Non-combat . | . . Combat . | . . Robot Hacks Applied . | . . Relay Couplers Released . | . . Fabnet Peak Effective % . | . . Robots Rewired . | . . Allies Hacked . | . . Hacks Repelled . | . . Allies | -11 -10 -------- Run | Yrd Mat Total Allies . | . . Largest Group . | . . Highest-Rated Group . | . . Highest-Rated Ally . | . . Total Orders . | . . Ally Attacks . | . . Total Damage . | . . Kills . | . . Allies Corrupted . | . . Allies Melted . | . . Intel | -11 -10 ------- Run | Yrd Mat Robot Analysis Total . | . . Derelict Logs Recovered . | . . Drone Launches . | . . Drone Recoveries . | . . Exploration | -11 -10 ------------- Run | Yrd Mat Turns Passed 807 | 118 689 Spaces Moved 361 | 51 310 Core 11 | 4 7 Treads . | . . Legs 99 | . 99 Wheels 251 | 47 204 Hover . | . . Flight . | . . Fastest Speed 50 | 50 50 Average Speed 103 | 87 106 Slowest Speed 260 | 100 260 Overloaded Moves . | . . Propulsion Burnouts . | . . Robots Hopped . | . . Cave-ins Triggered . | . . Exploration Rate (%) 24 | 3 45 Regions Visited 1 Branch Regions . Pre-discovered Areas . | . . Known Exits Taken . | . . Unknown Exits Taken 1 | 1 . Scrap Searched . | . . Spaces Dug 8 | . 8 Terrain Destroyed 51 | . 51 Melee . | . . Projectile 10 | . 10 AOE 41 | . 41 Terrain Rammed . | . . Walls Destroyed . | . . Machines Disabled . | . . Actions | -11 -10 --------- Run | Yrd Mat Total 658 | 87 571 Wait 196 | 10 186 Move 360 | 50 310 Hop . | . . Pick Up 7 | 2 5 Fast Attach 20 | 7 13 Attach 5 | . 5 Detach 4 | 1 3 Swap . | . . Drop 8 | . 8 Fire 58 | 17 41 Melee . | . . Ram . | . . Kick . | . . Crush . | . . Escape Stasis . | . . Rewire . | . . Trap . | . . Miscellaneous . | . . Route ------- -11/Scrapyard -10/Materials (discovered 2 exits: [*Mat] / [Min]) History --------- Turn | Location | Event 6 | -11/Scrapyard | Discovered new exit (range 15) 119 | -11/Scrapyard | Entered Materials 308 | -10/Materials | Build established: Mutant 484 | -10/Materials | Core integrity fell below 50% 490 | -10/Materials | Core integrity fell below 20% 522 | -10/Materials | Lost 9 parts (1p4n1u3w) 710 | -10/Materials | Discovered new exit (range 10) 729 | -10/Materials | Discovered new exit (range 12) 808 | -10/Materials | Destroyed by G-34 Mercenary with Small Laser Last Messages --------------- Awaiting botnet instructions. >>Prototypes Downloading prototype IDs... Adv. Beam Cannon Cld. Ion Engine ALERT: Suspicious activity at Terminal M001. Dispatching Investigation squad. Triggered Alarm Trap. An alarm sounds. ALERT: Alarm triggered, dispatching investigation squad. Connecting with Terminal... >>Trojan(Botnet) Trojan loaded successfully. Testing... Terminal linked with 3 systems. Awaiting botnet instructions. >>Alert(Purge) Purged threat record, alert level lowered. G-34 Mercenary suffers critical hit (Burn). Map ----- +----------------------------------------------------+ | ????????????????????????????? ####### | | ????????????????????????????? ##"" " | | ????????????????????????????? ## " " | | ????????????????????????????? ## | | ????????????????????????????? | | ????????????????????????????? < | | ????????????????????????????? | | ?????????????????????????????##### | | ?????????????????????????????????###### | | ??????????????????????????????????????? | | ?????????????????????????????########## | | ??????????????? ????????????# | | ??????????????? ????????????+ | | ??????????????? ????????????# | | ??????????????? ????????????# | | ??????????????? ????????????# | | ??????????????? ????????????# | | ??????????????? ????????????# | | ??????????????? #???????????# | | ??????????????? +???????????#####+#### | | ??????????????? #??????????? + | | ?????????####### #??????????? # | | ?????????# # #??????????? # | | ?????????# # #???????????" + | | ?????????#""" # #???????????" # | | ?????????#""" @# ##+#????????" #""" | | ?????????#""" ggg #???????????#"Y | | ?????????# # #???????????#""" | | ?????????# "T" # ############# | | ?????????####### | | ???????????????#+###################### | | ??????????????????????????????????????? | | ??????????????????????????????????????? | | ??????????????????????????????????????? | | ??????????????????????????????????????? | | ??????????????????????????????????????? | | ??????????????????????????????????????? | | ??????????????????????????????????????? | | ??????????????????????????????????????? | | ??????????????????????????????????????? | | ??????????????????????????????????????? | | ??????????????????????????????????????? | | | | | | | | | | | | | | | | | +----------------------------------------------------+ Best States ------------- Heat Dissipation 25 Energy Generation 14 Energy Capacity 250 Matter Stores 300 Matter Capacity 300 Sight Range 16 Terrain Scan Range 16 Terrain Scan Density 10 ECM Strength 1 Armor Coverage 300 Evasion (%) 55 Item Schematics ----------------- None Robot Schematics ------------------ None Fabricated ------------ Nothing Alien Tech Used ----------------- None Achievements -------------- None Challenges ------------ None Game ------ Seed MediumScrapCanceller Manual? 0 Play Time 00:17:58 Cumulative 24.5 hours Start 2024.04.24 @ 19:51:38 End 2024.04.24 @ 20:09:15 Sessions 1 Manual Loads 0 Difficulty Rogue Special Mode None Game No. 15 Rogue 15 Adventurer 0 Explorer 0 Win Type - Total 0 Types 0/0/0/0/0/0/0/0/0 Lore% 17 Gallery% 27 Achievement% 25 Wizard Run 0 Options --------- Layout 1 ASCII 0 Keyboard 0 Movement Mouse Keybinds 0 Fullscreen 2 Font 32/SmallcapsGlow Map View 50x35 Zoom Use 0% Tactical HUD 0 Map Filters NONE Filters NONE Steam 1 RUN: bc83c516-49e4-4242-9616-9d33a3648a84